| TOP OF THE 1ST |
|
Wisconsin Timber Rattlers batting - Pitching for Great Lakes Loons : RHP Alexis Priego
|
|
Pitching: RHP Alexis Priego
|
|
|
Batting: RHB Tristan Smeets
|
0-0: Fly out, F5 (Popup, 56, EV 60.6 MPH)
|
|
Batting: LHB Jason Raker
|
0-0: Ball 1-0: Called Strike 1-1: Ground out 4-3 (Groundball, 4, EV 90.0 MPH)
|
|
Batting: LHB Tyler Francis
|
0-0: Swinging Strike 0-1: Called Strike 0-2: DOUBLE (Line Drive, 78D, EV 112.5 MPH)
|
|
Batting: LHB Adam Hill
|
0-0: Ball 1-0: Called Strike 1-1: Foul Ball, location: 2F 1-2: Foul Ball, location: 2F 1-2: Foul Ball, location: 2F 1-2: Foul Ball, location: 2F 1-2: Reached on error, E6 (Groundball, 6M, EV 88.1 MPH) Tyler Francis scores
|
|
Batting: LHB Paul Collins
|
0-0: Called Strike 0-1: Ball 1-1: Ball 2-1: Ball 3-1: Ground out 6-3 (Groundball, 6, EV 87.5 MPH)
|
| Top of the 1st over - 1 run, 1 hit, 1 error, 1 left on base; Wisconsin 1 - Great Lakes 0 |
| BOTTOM OF THE 1ST |
|
Great Lakes Loons batting - Pitching for Wisconsin Timber Rattlers : RHP Jim Strickland
|
|
Pitching: RHP Jim Strickland
|
|
|
Batting: LHB Jay Fenderson
|
0-0: Called Strike 0-1: SINGLE (Groundball, 56S, EV 70.0 MPH) (infield hit)
|
|
Batting: LHB Stephen Van Raalte
|
Pickoff Throw to First - Out! 1-3 0-0: Called Strike 0-1: Ground out 4-3 (Groundball, 34D, EV 106.2 MPH)
|
|
Batting: SHB Todd Hewitt
|
0-0: Ball 1-0: Called Strike 1-1: Ground out 4-3 (Groundball, 34D, EV 76.9 MPH)
|
| Bottom of the 1st over - 0 runs, 1 hit, 0 errors, 0 left on base; Wisconsin 1 - Great Lakes 0 |
| TOP OF THE 2ND |
|
Wisconsin Timber Rattlers batting - Pitching for Great Lakes Loons : RHP Alexis Priego
|
|
Batting: RHB Herb McIntyre
|
0-0: SINGLE (Line Drive, 34D, EV 96.9 MPH)
|
|
Batting: RHB Juan Villanueva
|
0-0: Ball 1-0: Ball 2-0: Foul Ball, location: 2F 2-1: Fly out, F8 (Flyball, 8RM, EV 88.8 MPH)
|
|
Batting: RHB Mario Lopez
|
0-0: Ball 1-0: SINGLE (Groundball, 34D, EV 109.4 MPH) Herb McIntyre to second Runner from 2nd tries for 3rd, SAFE, throw by RF made to third
|
|
Now in RF: Enrique Andrade
|
|
|
Batting: RHB Raymond Young
|
0-0: Ball 1-0: Ball 2-0: Ball 3-0: Called Strike 3-1: Foul Ball, location: 2F 3-2: Base on Balls Mario Lopez to second
|
|
Batting: RHB Tristan Smeets
|
0-0: Swinging Strike 0-1: Ball 1-1: Swinging Strike 1-2: Ball 2-2: Strikes out swinging
|
|
Batting: LHB Jason Raker
|
0-0: Called Strike 0-1: Fielders Choice at 2nd, U6 (Groundball, 6M, EV 95.0 MPH)
|
| Top of the 2nd over - 0 runs, 2 hits, 0 errors, 3 left on base; Wisconsin 1 - Great Lakes 0 |
| BOTTOM OF THE 2ND |
|
Great Lakes Loons batting - Pitching for Wisconsin Timber Rattlers : RHP Jim Strickland
|
|
Batting: LHB Kevin Wiebe
|
0-0: Swinging Strike 0-1: Called Strike 0-2: Strikes out swinging
|
|
Batting: LHB Antonio Fierros
|
0-0: Ball 1-0: Foul Ball, location: 2F 1-1: Foul Ball, location: 2F 1-2: Foul Ball, location: 2F 1-2: Foul Ball, location: 2F 1-2: Fly out, F7 (Flyball, 78S, EV 90.6 MPH)
|
|
Batting: RHB Blake Beale
|
0-0: Ball 1-0: Foul Ball, location: 2F 1-1: Ball 2-1: Ball 3-1: Fly out, F8 (Flyball, 8RM, EV 83.8 MPH)
|
| Bottom of the 2nd over - 0 runs, 0 hits, 0 errors, 0 left on base; Wisconsin 1 - Great Lakes 0 |
| TOP OF THE 3RD |
|
Wisconsin Timber Rattlers batting - Pitching for Great Lakes Loons : RHP Alexis Priego
|
|
Batting: LHB Tyler Francis
|
0-0: Called Strike 0-1: Foul Ball, location: 2F 0-2: Ball 1-2: Ball 2-2: Fly out, F7 (Line Drive, 78D, EV 88.1 MPH)
|
|
Batting: LHB Adam Hill
|
0-0: Ball 1-0: Foul Ball, location: 2F 1-1: Swinging Strike 1-2: Foul Ball, location: 2F 1-2: Foul Ball, location: 2F 1-2: SINGLE (Groundball, 34D, EV 99.4 MPH)
|
|
Batting: LHB Paul Collins
|
0-0: SINGLE (Groundball, 25, EV 68.1 MPH) (infield hit) Adam Hill to second
|
|
Batting: RHB Herb McIntyre
|
0-0: Ball 1-0: Called Strike 1-1: Fly out, F8 (Flyball, 8LM, EV 87.5 MPH)
|
|
Batting: RHB Juan Villanueva
|
0-0: Ball 1-0: Ball 2-0: Called Strike 2-1: Fly out, F8 (Flyball, 8RD, EV 86.2 MPH)
|
| Top of the 3rd over - 0 runs, 2 hits, 0 errors, 2 left on base; Wisconsin 1 - Great Lakes 0 |
| BOTTOM OF THE 3RD |
|
Great Lakes Loons batting - Pitching for Wisconsin Timber Rattlers : RHP Jim Strickland
|
|
Batting: RHB Roger Simmons
|
0-0: Ground out 5-3 (Groundball, 5, EV 86.2 MPH)
|
|
Batting: RHB Trevor Conklin
|
0-0: Ball 1-0: Ball 2-0: Called Strike 2-1: Ball 3-1: SINGLE (Groundball, 34S, EV 63.8 MPH) (infield hit)
|
|
Batting: RHB Theo Schepers
|
0-0: Ball 1-0: Foul Ball, location: 2F 1-1: Foul Ball, location: 2F 1-2: SINGLE (Groundball, 34D, EV 95.6 MPH) Trevor Conklin to second Runner from 2nd tries for 3rd, SAFE, throw by RF made to third
|
|
Batting: LHB Jay Fenderson
|
0-0: Ball 1-0: Called Strike Theo Schepers steals 2nd base 1-1: Called Strike 1-2: Foul Ball, location: 2F 1-2: Ball 2-2: Strikes out looking
|
|
Batting: LHB Enrique Andrade
|
0-0: Ball 1-0: Foul Ball, location: 2F 1-1: Ball 2-1: Ball 3-1: Swinging Strike 3-2: Base on Balls
|
|
Batting: SHB Todd Hewitt
|
0-0: Called Strike 0-1: Called Strike 0-2: Strikes out swinging
|
| Bottom of the 3rd over - 0 runs, 2 hits, 0 errors, 3 left on base; Wisconsin 1 - Great Lakes 0 |
| TOP OF THE 4TH |
|
Wisconsin Timber Rattlers batting - Pitching for Great Lakes Loons : RHP Alexis Priego
|
|
Batting: RHB Mario Lopez
|
0-0: Fly out, F7 (Line Drive, 7S, EV 93.8 MPH)
|
|
Batting: RHB Raymond Young
|
0-0: Ball 1-0: Ball 2-0: Called Strike 2-1: Ball 3-1: Ground out 6-3 (Groundball, 6S, EV 63.1 MPH)
|
|
Batting: RHB Tristan Smeets
|
0-0: Foul Ball, location: 2F 0-1: Ball 1-1: Ball 2-1: Ground out 6-3 (Groundball, 6, EV 81.2 MPH)
|
| Top of the 4th over - 0 runs, 0 hits, 0 errors, 0 left on base; Wisconsin 1 - Great Lakes 0 |
| BOTTOM OF THE 4TH |
|
Great Lakes Loons batting - Pitching for Wisconsin Timber Rattlers : RHP Jim Strickland
|
|
Batting: LHB Kevin Wiebe
|
0-0: Ball 1-0: Ball 2-0: Ball 3-0: Called Strike 3-1: Fly out, F9 (Flyball, 9LS, EV 80.6 MPH)
|
|
Batting: LHB Antonio Fierros
|
0-0: Ground out 6-3 (Groundball, 6, EV 89.4 MPH)
|
|
Batting: RHB Blake Beale
|
0-0: Ball 1-0: Ball 2-0: Called Strike 2-1: Foul Ball, location: 2F 2-2: Ball 3-2: Base on Balls
|
|
Batting: RHB Roger Simmons
|
0-0: Ball 1-0: Ground out 4-3 (Groundball, 34S, EV 88.1 MPH)
|
| Bottom of the 4th over - 0 runs, 0 hits, 0 errors, 1 left on base; Wisconsin 1 - Great Lakes 0 |
| TOP OF THE 5TH |
|
Wisconsin Timber Rattlers batting - Pitching for Great Lakes Loons : RHP Alexis Priego
|
|
Batting: LHB Jason Raker
|
0-0: Called Strike 0-1: Fly out, F7 (Line Drive, 78M, EV 87.5 MPH)
|
|
Batting: LHB Tyler Francis
|
0-0: Foul Ball, location: 2F 0-1: Foul Ball, location: 2F 0-2: Strikes out looking
|
|
Batting: LHB Adam Hill
|
0-0: Foul Ball, location: 2F 0-1: SOLO HOME RUN (Flyball, 78XD, EV 100.0 MPH), Distance : 400 ft
|
|
Batting: LHB Paul Collins
|
0-0: Foul Ball, location: 2F 0-1: Called Strike 0-2: Ball 1-2: Foul Ball, location: 2F 1-2: Ball 2-2: Fly out, F8 (Flyball, 8RD, EV 86.9 MPH)
|
| Top of the 5th over - 1 run, 1 hit, 0 errors, 0 left on base; Wisconsin 2 - Great Lakes 0 |
| BOTTOM OF THE 5TH |
|
Great Lakes Loons batting - Pitching for Wisconsin Timber Rattlers : RHP Jim Strickland
|
|
Batting: RHB Trevor Conklin
|
0-0: Foul Ball, location: 2F 0-1: Called Strike 0-2: Ball 1-2: Fly out, F5 (Flyball, 56D, EV 86.9 MPH)
|
|
Batting: RHB Theo Schepers
|
0-0: Foul Ball, location: 2F 0-1: Ball 1-1: Ground out 6-3 (Groundball, 6, EV 83.8 MPH)
|
|
Batting: LHB Jay Fenderson
|
0-0: Called Strike 0-1: Ball 1-1: Ball 2-1: Fly out, F8 (Line Drive, 8RM, EV 98.1 MPH)
|
| Bottom of the 5th over - 0 runs, 0 hits, 0 errors, 0 left on base; Wisconsin 2 - Great Lakes 0 |
| TOP OF THE 6TH |
|
Wisconsin Timber Rattlers batting - Pitching for Great Lakes Loons : RHP Alexis Priego
|
|
Batting: RHB Herb McIntyre
|
0-0: Ball 1-0: Ball 2-0: Called Strike 2-1: Foul Ball, location: 2F 2-2: Fly out, F8 (Line Drive, 78M, EV 93.1 MPH)
|
|
Batting: RHB Juan Villanueva
|
0-0: Swinging Strike 0-1: Fly out, F8 (Line Drive, 8LM, EV 96.2 MPH)
|
|
Batting: RHB Mario Lopez
|
0-0: Ball 1-0: DOUBLE (Groundball, 3L, EV 105.0 MPH)
|
|
Batting: RHB Raymond Young
|
0-0: Ground out 3-1 (Groundball, 34, EV 106.2 MPH)
|
| Top of the 6th over - 0 runs, 1 hit, 0 errors, 1 left on base; Wisconsin 2 - Great Lakes 0 |
| BOTTOM OF THE 6TH |
|
Great Lakes Loons batting - Pitching for Wisconsin Timber Rattlers : RHP Jim Strickland
|
|
Batting: LHB Enrique Andrade
|
0-0: Foul Ball, location: 2F 0-1: Ball 1-1: Called Strike 1-2: Ground out 1-3 (Groundball, 13, EV 77.5 MPH)
|
|
Batting: SHB Todd Hewitt
|
0-0: Called Strike 0-1: Foul Ball, location: 2F 0-2: Ball 1-2: Foul Ball, location: 2F 1-2: DOUBLE (Flyball, 78D, EV 100.6 MPH)
|
|
Batting: LHB Kevin Wiebe
|
0-0: Called Strike 0-1: Swinging Strike 0-2: Ball 1-2: Strikes out swinging
|
|
Batting: LHB Antonio Fierros
|
0-0: Swinging Strike 0-1: Foul Ball, location: 2F 0-2: Ball 1-2: DOUBLE (Flyball, 89XD, EV 102.5 MPH) Todd Hewitt scores
|
|
Pitching: LHP Juan Gonzalez
|
|
|
Batting: RHB Blake Beale
|
0-0: Called Strike 0-1: Ball 1-1: Swinging Strike 1-2: Foul Ball, location: 2F 1-2: Ground out 6-3 (Groundball, 56, EV 108.8 MPH)
|
| Bottom of the 6th over - 1 run, 2 hits, 0 errors, 1 left on base; Wisconsin 2 - Great Lakes 1 |
| TOP OF THE 7TH |
|
Wisconsin Timber Rattlers batting - Pitching for Great Lakes Loons : RHP Alexis Priego
|
|
Batting: RHB Tristan Smeets
|
0-0: Called Strike 0-1: Swinging Strike 0-2: Ball 1-2: Fly out, F4 (Popup, 23, EV 86.9 MPH)
|
|
Batting: LHB Jason Raker
|
0-0: Ball 1-0: Ground out 4-3 (Groundball, 4S, EV 91.9 MPH)
|
|
Batting: LHB Tyler Francis
|
0-0: Ball 1-0: SINGLE (Flyball, 56D, EV 93.8 MPH)
|
|
Batting: LHB Adam Hill
|
0-0: Ball 1-0: Called Strike 1-1: Swinging Strike 1-2: Fielders Choice at 2nd, 6-4 (Groundball, 6, EV 82.5 MPH)
|
| Top of the 7th over - 0 runs, 1 hit, 0 errors, 1 left on base; Wisconsin 2 - Great Lakes 1 |
| BOTTOM OF THE 7TH |
|
Great Lakes Loons batting - Pitching for Wisconsin Timber Rattlers : LHP Juan Gonzalez
|
|
Batting: RHB Roger Simmons
|
0-0: Ball 1-0: Ground out 6-3 (Groundball, 6, EV 92.5 MPH)
|
|
Batting: RHB Trevor Conklin
|
0-0: Ball 1-0: Ball 2-0: Foul Ball, location: 2F 2-1: Fly out, F7 (Flyball, 78M, EV 91.2 MPH)
|
|
Batting: RHB Theo Schepers
|
0-0: Called Strike 0-1: Foul Ball, location: 2F 0-2: SINGLE (Flyball, 3D, EV 96.9 MPH)
|
|
Pinch Hitting: RHB Luis Grajeda
|
0-0: SINGLE (Line Drive, 7S, EV 111.9 MPH) Theo Schepers to second Runner from 2nd tries for 3rd, SAFE, no throw by LF
|
|
Pinch Hitting: RHB David Rodgers
|
0-0: Called Strike 0-1: Foul Ball, location: 2F 0-2: Ball 1-2: Strikes out swinging
|
| Bottom of the 7th over - 0 runs, 2 hits, 0 errors, 2 left on base; Wisconsin 2 - Great Lakes 1 |
| TOP OF THE 8TH |
|
Wisconsin Timber Rattlers batting - Pitching for Great Lakes Loons : RHP Alexis Priego
|
|
Now in CF: Rich Rubio
|
|
|
Now in RF: David Rodgers
|
|
|
Batting: LHB Paul Collins
|
0-0: Ball 1-0: Ground out 6-3 (Groundball, P, EV 86.9 MPH)
|
|
Batting: RHB Herb McIntyre
|
0-0: Called Strike 0-1: Swinging Strike 0-2: Foul Ball, location: 2F 0-2: Ball 1-2: Foul Ball, location: 2F 1-2: Foul Ball, location: 2F 1-2: Foul Ball, location: 2F 1-2: Foul Ball, location: 2F 1-2: Strikes out swinging
|
|
Pitching: RHP Adam Bucci
|
|
|
Batting: RHB Juan Villanueva
|
0-0: Ball 1-0: Ground out 6-3 (Groundball, 6, EV 82.5 MPH)
|
| Top of the 8th over - 0 runs, 0 hits, 0 errors, 0 left on base; Wisconsin 2 - Great Lakes 1 |
| BOTTOM OF THE 8TH |
|
Great Lakes Loons batting - Pitching for Wisconsin Timber Rattlers : LHP Juan Gonzalez
|
|
Pitching: RHP Julian Urbina
|
|
|
Batting: SHB Todd Hewitt
|
0-0: Fly out, F7 (Line Drive, 7, EV 88.8 MPH)
|
|
Batting: LHB Kevin Wiebe
|
0-0: Called Strike 0-1: Ball 1-1: Ball 2-1: Ball 3-1: Base on Balls
|
|
Batting: LHB Antonio Fierros
|
0-0: Ball 1-0: Ball 2-0: Grounds into double play, 5-4-3 (Groundball, 6S, EV 83.1 MPH)
|
| Bottom of the 8th over - 0 runs, 0 hits, 0 errors, 0 left on base; Wisconsin 2 - Great Lakes 1 |
| TOP OF THE 9TH |
|
Wisconsin Timber Rattlers batting - Pitching for Great Lakes Loons : RHP Adam Bucci
|
|
Batting: RHB Mario Lopez
|
0-0: Ball 1-0: Called Strike 1-1: Ball 2-1: Swinging Strike 2-2: Foul Ball, location: 2F 2-2: Strikes out swinging
|
|
Batting: RHB Raymond Young
|
0-0: Called Strike 0-1: Ball 1-1: Ground out 5-3 (Groundball, 56S, EV 88.8 MPH)
|
|
Batting: RHB Tristan Smeets
|
0-0: Ball 1-0: Ball 2-0: SINGLE (Line Drive, 56D, EV 96.9 MPH)
|
|
Batting: LHB Jason Raker
|
0-0: Ground out 4-3 (Groundball, 34, EV 111.2 MPH)
|
| Top of the 9th over - 0 runs, 1 hit, 0 errors, 1 left on base; Wisconsin 2 - Great Lakes 1 |
| BOTTOM OF THE 9TH |
|
Great Lakes Loons batting - Pitching for Wisconsin Timber Rattlers : RHP Julian Urbina
|
|
Pitching: RHP Antonio Ballesteros
|
|
|
Batting: RHB Blake Beale
|
0-0: Ball 1-0: Swinging Strike 1-1: Ball 2-1: Swinging Strike 2-2: Fly out, F9 (Flyball, 9, EV 91.9 MPH)
|
|
Pinch Hitting: LHB Jesus Ramirez
|
0-0: Called Strike 0-1: Ball 1-1: Called Strike 1-2: Foul Ball, location: 2F 1-2: Strikes out looking
|
|
Pinch Hitting: LHB Cliff Thomas
|
0-0: Called Strike 0-1: Ball 1-1: Ball 2-1: Ground out 6-3 (Groundball, 15, EV 87.5 MPH)
|
| Bottom of the 9th over - 0 runs, 0 hits, 0 errors, 0 left on base; Wisconsin 2 - Great Lakes 1 |
|